 Dungeon Crawl Stone Soup version 0.24.0-13-gcf9b3192b9 (webtiles) character file.

Game seed: 14352631029190105628, levelgen mode: deterministic

53 Gumption the Grave Robber (level 3, 0/26 HPs)
             Began as a Draconian Necromancer on Nov 9, 2019.
             Succumbed to an adder's poison
             ... on level 2 of the Dungeon.
             The game lasted 00:14:25 (2248 turns).

Gumption the Grave Robber (Draconian Necromancer)   Turns: 2248, Time: 00:14:25

Health: 0/26       AC:  5    Str: 10    XL:     3   Next: 64%
Magic:  3/6        EV: 18    Int: 16    God:
Gold:   100        SH:  0    Dex: 16    Spells: 2/7 levels left

rFire    . . .     SeeInvis .   a - +0 dagger
rCold    . . .     Gourm    .   (no shield)
rNeg     . . .     Faith    .   (armour unavailable)
rPois    .         Spirit   .   (helmet restricted)
rElec    .         Reflect  .   (no cloak)
rCorr    .         Harm     .   (no gloves)
MR       .....                  (no boots)
Stlth    +++.......             (no amulet)
HPRegen  0.08/turn              (no ring)
MPRegen  0.10/turn              (no ring)

@: agile, lethally poisoned (0 -> -2)
A: unfitting armour, cold-blooded, AC +5
a: no special abilities


You were on level 2 of the Dungeon.
You were not hungry.

You visited 1 branch of the dungeon, and saw 2 of its levels.

You collected 100 gold pieces.

Inventory:

Hand Weapons
 a - a +0 dagger (weapon)
Missiles
 e - 23 stones (quivered)
 i - 4 curare-tipped darts
Scrolls
 c - 2 scrolls of immolation {unknown}
 d - a scroll of blinking {unknown}
 f - a scroll of remove curse {unknown}
 g - 2 scrolls of identify {unknown}
 h - a scroll of fear {unknown}
 k - a scroll of fog {unknown}
 l - a scroll of enchant weapon {unknown}
Comestibles
 b - a ration


   Skills:
 + Level 2.3 Dodging
 - Level 1.7 Stealth
 + Level 2.5 Spellcasting
 * Level 4.7 Necromancy


You had 2 spell levels left.
You knew the following spells:

 Your Spells              Type           Power        Failure   Level  Hunger
a - Pain                  Necr           ###.         2%          1    #......
b - Animate Skeleton      Necr           N/A          2%          1    #......
c - Vampiric Draining     Necr           ###.......   9%          3    ###....

Your spell library contained the following spells:

 Spells                   Type           Power        Failure   Level  Hunger
 Regeneration             Chrm/Necr      #.........   22%         3    ###....
 Animate Dead             Necr           N/A          28%         4    #####..


Dungeon Overview and Level Annotations

Branches:
Dungeon (2/15)

Altars:
Dithmenos


Innate Abilities, Weirdness & Mutations

Your plain brown scales are hard. (AC +5)
You cannot fit into any form of body armour.
You are cold-blooded and may be slowed by cold attacks.


Message History

* * * LOW HITPOINT WARNING * * *
You feel sick.
Found a shadowy altar of Dithmenos.
Found a stone staircase leading down.
* * * LOW HITPOINT WARNING * * *
You feel sick.
* * * LOW HITPOINT WARNING * * *
You feel sick.
You see here a scroll labeled BILUTENA YXZUTS.
* * * LOW HITPOINT WARNING * * *
You feel sick.
* * * LOW HITPOINT WARNING * * *
You feel sick.
Found a glowing falchion.
* * * LOW HITPOINT WARNING * * *
You feel sick.
You see here a glowing falchion.
* * * LOW HITPOINT WARNING * * *
You feel sick.
You die...

#######
#...@.########### #.
.....###.ZZ.)......#
#.# ###
#####.##.##.# #.#
#.##.##.# ..
#.##.##.# .
#.##.##.# #
#.##.##># #
#.......# #
#.##.##.#####


You could see a friendly bat skeleton and a friendly adder skeleton.

Vanquished Creatures
  4 oozes (D:1)
  7 bats
  A giant cockroach (D:2)
  3 goblins (D:1)
  A hobgoblin (D:1)
  6 kobolds
  4 frilled lizards (D:1)
  3 rats
29 creatures vanquished.

Vanquished Creatures (collateral kills)
  An adder (D:2)
  A bat (D:1)
2 creatures vanquished.

Grand Total: 31 creatures vanquished

Notes
Turn   | Place    | Note
-------+----------+-------------------------------------------
     0 | D:1      | Gumption the Draconian Necromancer began the quest for the
                  | Orb.
     0 | D:1      | Reached XP level 1. HP: 14/14 MP: 3/3
     2 | D:1      | Learned a level 1 spell: Animate Skeleton
   690 | D:1      | Reached XP level 2. HP: 20/20 MP: 3/5
  1594 | D:1      | Reached XP level 3. HP: 19/26 MP: 3/6
  2059 | D:2      | Learned a level 3 spell: Vampiric Draining
  2226 | D:2      | Found a shadowy altar of Dithmenos.
  2244 | D:2      | HP: 1/26 [poisoned by an adder]
  2248 | D:2      | Succumbed to an adder's poison

Levels and vault maps discovered:
D:1:      minmay_arrival_jagged, layout_basic
D:2:      layout_loops_cross, marbit_many_paths, grunt_dithmenos_smoke,
          first_ration, minmay_worlds_worst_comb, uniq_robin

Skill      XL: |  1 |
---------------+----+-----
Dodging        | 2 |  2.3
Stealth        | |  1.7
Spellcasting   | |  2.5
Necromancy     | |  4.7

Action                   || total
-------------------------++-------
Melee: Whip              ||     5
       Dagger            ||    13
Throw: Stone             ||     1
 Cast: Pain              ||    71
       Animate Skeleton  ||    11
  Use: Potion            ||     1
 Stab: Sleeping          ||     1
  Eat: Chunk             ||     5
Armor: Skin              ||    17
Dodge: Dodged            ||    41
